 Dungeon Crawl Stone Soup version 0.21.1-1-g345015f (webtiles) character file.

4812 Curus the Cruncher (level 10, -8/50 HPs)
             Began as a Gargoyle Earth Elementalist on July 11, 2018.
             Was a Priest of Vehumet.
             Mangled by an orc knight
             ... wielding a +0 war axe
              (13 damage)
             ... on level 8 of the Dungeon.
             The game lasted 00:45:47 (6466 turns).

Curus the Cruncher (Gargoyle Earth Elementalist)    Turns: 6466, Time: 00:45:48

Health: -8/50      AC: 15    Str: 12    XL:     10   Next: 48%
Magic:  0/13       EV: 12    Int: 19    God:    Vehumet [***...]
Gold:   381        SH:  0    Dex: 10    Spells: 1/13 levels left

rFire    . . .     SeeInvis +   t - staff of earth
rCold    . . .     Gourm    .   (no shield)
rNeg     + . .     Faith    .   x - +0 robe "Qixtuori" {rCorr}
rPois    ∞         Spirit   .   h - +2 helmet
rElec    +         Reflect  .   y - scarf {repulsion}
rCorr    +         Harm     .   q - +2 pair of gloves
MR       .....                  (no boots)
Stlth    +++.......             (no amulet)
HPRegen  0.16/turn              j - ring of see invisible
MPRegen  0.13/turn              s - ring of stealth

@: repel missiles
A: negative energy resistance 1, electricity resistance, unbreathing,
petrification resistance, rot immunity, AC +7
a: Renounce Religion


You were on level 8 of the Dungeon.
You worshipped Vehumet.
Vehumet was most pleased with you.
You were hungry.

You visited 2 branches of the dungeon, and saw 9 of its levels.
You visited the Abyss 1 time.
You also visited: Bailey.

You collected 506 gold pieces.
You spent 125 gold pieces at shops.

Inventory:

Hand Weapons
 f - a +1 dagger of venom
 l - a +3 quarterstaff of chaos
Missiles
 b - 188 stones (quivered)
Armour
 c - a +0 robe
 h - a +2 helmet (worn)
 m - a +0 cloak
 q - a +2 pair of gloves (worn)
 u - a +2 hat
 v - a +1 helmet
 x - the +0 robe "Qixtuori" (worn) {rCorr}
   (You bought it in a shop on level 6 of the Dungeon)

   It protects you from acid and corrosion.
 y - a scarf of repulsion (worn)
Magical Staves
 t - an uncursed staff of earth (weapon)
Jewellery
 g - an uncursed ring of loudness
 j - a ring of see invisible (left hand)
 s - a ring of stealth (right hand)
 C - an uncursed amulet of inaccuracy
Wands
 k - a wand of flame (33)
 w - a wand of iceblast (3)
 A - a wand of digging (10)
 B - a wand of disintegration (17)
 D - a wand of enslavement (10)
Scrolls
 a - 11 scrolls of identify
 n - 2 scrolls of teleportation
 p - 3 scrolls of remove curse
Potions
 i - 2 potions of flight
 o - 3 potions of heal wounds
 r - a potion of cancellation
 z - 4 potions of curing
 E - 2 potions of resistance
Books
 e - a book of Geomancy

   Spells                             Type                      Level
   a - Sandblast                      Earth                        1
   b - Passwall                       Transmutation/Earth          2
   c - Stone Arrow                    Conjuration/Earth            3
   d - Petrify                        Transmutation/Earth          4
   e - Lee's Rapid Deconstruction     Earth                        5
Comestibles
 d - 19 rations
 F - a chunk of flesh


   Skills:
 + Level 11.3 Staves
 - Level 1.5 Dodging
 - Level 2.1 Stealth
 - Level 2.0 Spellcasting
 - Level 5.7 Conjurations
   Level 0.7 Transmutations
 - Level 10.4 Earth Magic


You had one spell level left.
You knew the following spells:

 Your Spells              Type           Power        Failure   Level  Hunger
a - Sandblast             Erth           ######       1%          1    #......
b - Stone Arrow           Conj/Erth      #####.       1%          3    ###....
c - Lee's Rapid Deconstr  Erth           ######....   1%          5    ######.
d - Conjure Flame         Conj/Fire      ##......     4%          3    ###....


Dungeon Overview and Level Annotations

Branches:
Dungeon (8/15)             Temple (1/1) D:4
   Lair: D:8-11

Altars:
Ashenzari
Dithmenos
Fedhas
Hepliaklqana
Nemelex Xobeh
Trog
Uskayaw
Vehumet
Wu Jian
Xom
The Shining One

Shops:
D:6 [


Innate Abilities, Weirdness & Mutations

You are resistant to torment.
Your stone body is resilient. (AC +7)
You are immune to poison.
You resist negative energy. (rN+)
You are resistant to electric shocks. (rElec)
You can survive without breathing.
You are immune to petrification.
You are immune to rotting.


Message History

The orc knight is almost dead.
You hit the orc knight but do no damage.
The orc knight is almost dead.
The orc knight hits you but does no damage.
You hit the orc knight but do no damage.
The orc knight is almost dead.
You closely miss the orc knight.
The orc knight is almost dead.
The orc knight hits you with a war axe!
* * * LOW HITPOINT WARNING * * *
A leopard gecko comes into view.
Casting: Sandblast
Confirm with . or Enter, or press ? or * to list all spells.
Aiming: Stone Arrow
Press: ? - help, Shift-Dir - straight line, f/p - orc knight
Aim: an orc knight, wielding a war axe and wearing a scale mail (almost dead)
You feel a surge of power!
The stone arrow misses the orc knight.
You are feeling hungry.
The orc knight hits you with a war axe!
You die...

.. #.######
.......#
≈≈≈≈.###
#####≈...###
#...#≈.....# ..
#.∩).≈.#.#.#
..≈#...#≈)#o#.#
#.≈#####≈.#@#.#
#.≈≈≈≈≈≈≈...#.#
l...[......#.#
##..###.#.#.#
#..........#
####...#.#####
+........#
####...###
#..##


You could see an orc knight.

Vanquished Creatures
  Pikel (D:5)
  A kobold demonologist (D:8)
  Sigmund (D:2)
  Eustachio (D:5)
  Menkaure (D:5)
  6 orc warriors
  3 sky beasts (D:6)
  2 ice beasts
  An ogre (D:6)
  2 centaurs
  6 bullfrogs
  A wyvern skeleton (D:8)
  A scorpion (D:6)
  18 killer bees (D:8)
  A howler monkey (D:5)
  A centaur zombie (D:7)
  A crimson imp (D:6)
  9 orc priests
  5 orc wizards
  4 hounds
  2 jellies
  A bullfrog skeleton (D:2)
  Crazy Yiuf (D:2)
  2 iguanas (D:6)
  Natasha (D:3)
  3 worker ants
  A hound zombie (D:5)
  Robin (D:2)
  3 adders
  3 shadow imps
  An ooze (D:3)
  3 worms
  3 dart slugs (D:2)
  4 leopard geckos
  35 orcs
  2 giant cockroaches
  17 goblins
  11 hobgoblins
  12 jackals
  15 kobolds
  2 quokkas
  2 ball pythons
  8 bats
  2 frilled lizards
  A leopard gecko skeleton (D:6)
  8 rats
210 creatures vanquished.

Notes
Turn   | Place    | Note
-------+----------+-------------------------------------------
     0 | D:1      | Curus the Gargoyle Earth Elementalist began the quest for the Orb.
     0 | D:1      | Reached XP level 1. HP: 10/10 MP: 3/3
   357 | D:1      | Reached XP level 2. HP: 13/15 MP: 1/5
   635 | D:1      | Reached XP level 3. HP: 19/19 MP: 2/6
   640 | D:1      | Learned a level 3 spell: Stone Arrow
   960 | D:2      | Reached skill level 1 in Conjurations
   974 | D:2      | Found a sparkling altar of Nemelex Xobeh.
   991 | D:2      | Found a faded altar of an unknown god.
  1039 | D:2      | Noticed Robin
  1042 | D:2      | Killed Robin
  1045 | D:2      | Reached XP level 4. HP: 21/24 MP: 3/7
  1250 | D:2      | Found a runed door.
  1309 | D:2      | Noticed Sigmund
  1562 | D:2      | Found a blossoming altar of Fedhas.
  1595 | D:2      | Reached XP level 5. HP: 28/28 MP: 8/8
  1609 | D:2      | Cast into level 1 of the Abyss (Sigmund)
  1626 | Abyss:1  | Found a corrupted altar of Lugonu.
  1666 | Abyss:1  | Found a corrupted altar of Lugonu.
  1676 | D:2      | Escaped the Abyss
  1678 | D:2      | Killed Sigmund
  1678 | D:2      | Reached skill level 5 in Conjurations
  1678 | D:2      | Reached XP level 6. HP: 32/32 MP: 5/9
  1693 | D:2      | Learned a level 5 spell: Lee's Rapid Deconstruction
  1772 | D:2      | Noticed Crazy Yiuf
  1777 | D:2      | Killed Crazy Yiuf
  1777 | D:2      | Reached skill level 5 in Earth Magic
  2332 | D:3      | Noticed Natasha
  2335 | D:3      | Killed Natasha
  2597 | D:4      | Reached XP level 7. HP: 36/36 MP: 8/10
  2654 | D:4      | Found a staircase to the Ecumenical Temple.
  2693 | Temple   | Entered the Ecumenical Temple
  2716 | Temple   | Became a worshipper of Vehumet
  2791 | D:4      | Found a shadowy altar of Dithmenos.
  3171 | D:5      | Entered Level 5 of the Dungeon
  3195 | D:5      | Noticed Eustachio
  3203 | D:5      | Killed Eustachio
  3308 | D:5      | Noticed Menkaure
  3311 | D:5      | Killed Menkaure
  3366 | D:5      | Noticed Pikel
  3395 | D:5      | Killed Pikel
  3395 | D:5      | Reached skill level 10 in Earth Magic
  3395 | D:5      | Reached XP level 8. HP: 29/41 MP: 11/11
  3405 | D:5      | Reached skill level 1 in Staves
  3444 | D:5      | Reached skill level 2 in Staves
  3629 | D:5      | Reached skill level 3 in Staves
  4098 | D:6      | Reached skill level 4 in Staves
  4115 | D:6      | Reached XP level 9. HP: 45/45 MP: 5/12
  4119 | D:6      | Reached skill level 5 in Staves
  4237 | D:6      | Reached skill level 6 in Staves
  4247 | D:6      | Reached * piety under Vehumet
  4247 | D:6      | Offered knowledge of Magic Dart by Vehumet.
  4309 | D:6      | Reached skill level 7 in Staves
  4418 | D:6      | Found Duboplea's Antique Armour Shoppe.
  4421 | D:6      | Bought a slimy robe for 125 gold pieces
  4431 | D:6      | Identified the cursed +0 robe "Qixtuori" {rCorr} (You bought it in a shop on level 6 of the Dungeon)
  4730 | D:6      | Reached skill level 8 in Staves
  4934 | D:6      | Found a shimmering altar of Xom.
  4992 | D:7      | Reached ** piety under Vehumet
  4992 | D:7      | Offered knowledge of Sting by Vehumet.
  5058 | D:7      | Found a hazy altar of Hepliaklqana.
  5329 | D:7      | Found an ornate altar of the Wu Jian Council.
  5449 | D:8      | Reached skill level 9 in Staves
  5491 | D:8      | Noticed a kobold demonologist
  5496 | D:8      | Killed a kobold demonologist
  5496 | D:8      | Reached XP level 10. HP: 50/50 MP: 5/13
  5553 | D:8      | Reached skill level 10 in Staves
  5775 | D:8      | HP: 2/50 [killer bee (7)]
  6073 | D:8      | Offered knowledge of Conjure Flame by Vehumet.
  6085 | D:8      | Reached skill level 11 in Staves
  6117 | D:8      | Reached *** piety under Vehumet
  6122 | D:8      | Learned a level 3 spell: Conjure Flame
  6181 | D:8      | Found a flagged portal.
  6188 | Bailey   | Entered a bailey
  6193 | Bailey   | Noticed an orc warlord
  6225 | Bailey   | Offered knowledge of Static Discharge by Vehumet.
  6346 | Bailey   | Found a runed gate.
  6348 | Bailey   | Found a runed gate.
  6354 | Bailey   | Found a runed gate.
  6365 | Bailey   | Noticed an orc knight
  6445 | D:8      | HP: 2/50 [orc knight/war axe (10)]
  6466 | D:8      | Mangled by an orc knight

Skill      XL: |  1  2  3  4  5  6  7  8  9 10 |
---------------+-------------------------------+-----
Earth Magic    | 4 6 10 | 10.4
Conjurations   | 2 3 5 |  5.7
Staves         | 4 9 11 | 11.3
Dodging        | |  1.5
Stealth        | |  2.1
Spellcasting   | |  2.0
Transmutations | |  0.7

Action                   |  1- 3 |  4- 6 |  7- 9 | 10-12 || total
-------------------------+-------+-------+-------+-------++-------
Melee: Unarmed           |    37 |       |       |       ||    37
       Dagger            |    27 |    42 |       |       ||    69
       Quarterstaff      |       |    41 |   165 |       ||   206
       Staff             |       |       |       |   135 ||   135
 Cast: Sandblast         |    33 |    46 |    48 |    40 ||   167
       Stone Arrow       |       |     4 |     3 |    13 ||    20
       Lee's Rapid Decon |       |       |     2 |     7 ||     9
       Conjure Flame     |       |       |       |     2 ||     2
  Use: Scroll            |     5 |     5 |     2 |     1 ||    13
       Potion            |       |     5 |     3 |     1 ||     9
 Stab: Sleeping          |       |       |    10 |       ||    10
       Confused          |       |       |     1 |       ||     1
  Eat: Chunk             |     1 |     6 |     7 |     8 ||    22
       Ration            |       |       |     1 |       ||     1
Armor: Robe              |    19 |    27 |    71 |    49 ||   166
Dodge: Dodged            |    45 |    47 |    79 |    72 ||   243
       Deflected         |       |       |       |     3 ||     3
